Map: Pillars of Gold LE

Players

Kas

  • Race: Terran Terran
  • League: Grandmaster
  • Spawn Location: 7:00

demuLarva - Winner!

  • Race: Terran Terran
  • League: Grandmaster
  • Spawn Location: 1:00

VOD

Have the link to the VOD?

Description

Time

  • Played on: Jan. 6, 2021, 6:44 a.m.
  • Length: 10:04
Show
View Real Time Build Order
Export as new Build Order

Kas Terran 

Build Orders:  

Get SALT Encoding   

  12  0:00  SCV  
  13  0:12  SCV  
  14  0:18  Supply Depot  
  14  0:24  SCV  
  15  0:31  Refinery  
  15  0:39  SCV  
  16  0:45  Barracks  
  16  0:51  SCV  
  16  0:56  Refinery  
  17  1:04  SCV  
  18  1:16  SCV  
  19  1:32  Orbital Command  
  19  1:33  Reaper  
  19  1:37  Factory  
  20  1:58  SCV  
  21  2:02  Supply Depot  
  21  2:05  Reaper  
  22  2:10  SCV  
  23  2:24  Hellion, SCV  
  26  2:32  Command Center  
  26  2:36  SCV  
  27  2:37  Barracks Reactor  
  27  2:42  Supply Depot  
  27  2:46  Factory Tech Lab  
  27  2:48  SCV  
  28  2:56  Starport  
  28  3:00  SCV  
  28  3:05  Cyclone  
  32  3:12  SCV  
  33  3:17  Marine  
  33  3:18  Marine  
  33  3:19  Refinery  
  35  3:24  SCV  
  36  3:33  Starport Tech Lab  
  36  3:37  Siege Tank  
  39  3:44  Marine x2  
  39  3:45  Orbital Command  
  39  3:47  SCV  
  42  4:00  Supply Depot  
  42  4:01  SCV  
  43  4:04  Raven  
  43  4:06  Marine x2  
  47  4:11  SCV  
  47  4:13  SCV  
  49  4:20  Siege Tank  
  49  4:24  SCV, Marine  
  53  4:28  Supply Depot  
  53  4:30  SCV  
  55  4:33  Marine  
  55  4:38  SCV  
  56  4:54  Marine  
  56  4:57  Marine  
  56  4:59  SCV  
  57  5:02  SCV  
  57  5:03  Siege Tank, Raven  
  63  5:07  Supply Depot  
  63  5:11  SCV, Marine  
  65  5:18  SCV  
  66  5:22  Marine  
  66  5:23  SCV  
  66  5:24  Command Center  
  68  5:34  SCV  
  66  5:35  SCV  
  67  5:47  Marine x2  
  67  5:48  Raven  
  67  5:49  Siege Tank  
  74  5:50  SCV  
  74  5:51  SCV  
  74  5:53  Refinery, Supply Depot  
  76  6:02  SCV  
  77  6:05  Marine  
  78  6:12  Supply Depot  
  78  6:14  SCV  
  78  6:15  SCV  
  80  6:22  Siege Tank  
  83  6:27  SCV x2  
  85  6:35  Stimpack, Marine  
  85  6:39  Orbital Command, SCV  
  87  6:42  Viking x2  
  87  6:44  SCV  
  74  6:54  Marine  
  74  6:55  Siege Tank  
  74  6:59  SCV x2  
  74  7:01  Orbital Command  
  78  7:08  Barracks  
  78  7:09  Barracks  
  78  7:11  SCV  
  78  7:12  Marine  
  78  7:13  Engineering Bay  
  78  7:14  Engineering Bay, SCV  
  78  7:15  Viking x2  
  85  7:23  SCV  
  85  7:26  SCV  
  85  7:27  Siege Tank, SCV  
  91  7:30  Marine  
  91  7:35  SCV  
  93  7:38  SCV  
  93  7:39  SCV  
  95  7:49  Viking  
  95  7:50  Viking  
  99  7:51  SCV  
  96  7:59  Marine  
  96  8:02  Marine x2  
  99  8:07  Siege Tank  
  99  8:09  SCV  
  103  8:13  Barracks  
  103  8:14  SCV, Barracks  
  103  8:15  SCV  
  103  8:19  Viking  
  71  8:20  Viking, Barracks Reactor  
  107  8:22  Barracks Reactor  
  107  8:23  Command Center  
  109  8:35  Supply Depot  
  109  8:36  Supply Depot  
  109  8:37  Supply Depot, Combat Shield  
  109  8:38  SCV x3, Marine  
  113  8:49  Viking  
  113  8:50  Refinery x2, SCV x2  
  117  8:56  Marine  
  117  8:57  Viking, SCV  
  117  9:02  SCV  
  122  9:04  SCV  
  122  9:09  SCV  
  124  9:13  Marine x2  
  124  9:14  Marine x3  
  124  9:15  Barracks Reactor x2  
  108  9:19  Viking  
  108  9:21  Siege Tank  
  108  9:23  SCV  
  111  9:25  Sensor Tower  
  111  9:26  SCV x2  
  111  9:29  Medivac  
  111  9:30  Armory, Marine  
  111  9:31  Marine  
  117  9:32  Marine x3  
  120  9:46  SCV  
  120  9:47  SCV  
  120  9:50  Factory  
Show
View Real Time Build Order
Export as new Build Order

demuLarva Terran - Winner!

Build Orders:  

Get SALT Encoding   

  12  0:00  SCV  
  13  0:12  SCV  
  14  0:17  Supply Depot  
  14  0:24  SCV  
  15  0:39  SCV  
  15  0:41  Barracks  
  16  0:45  Refinery  
  16  0:51  SCV  
  16  0:56  Refinery  
  17  1:03  SCV  
  18  1:15  SCV  
  19  1:27  Orbital Command  
  19  1:28  Reaper  
  20  1:32  Supply Depot  
  20  1:48  Factory  
  20  1:53  SCV  
  21  2:00  Reaper  
  22  2:05  SCV  
  23  2:18  SCV  
  24  2:25  Command Center  
  24  2:30  SCV  
  24  2:33  Hellion  
  24  2:36  Barracks Reactor  
  27  2:41  Supply Depot  
  27  2:43  SCV  
  28  2:54  Widow Mine  
  28  2:55  SCV  
  31  2:58  Starport  
  31  3:07  SCV  
  31  3:12  Marine x2  
  33  3:14  Refinery  
  33  3:15  Factory Tech Lab  
  33  3:19  SCV  
  35  3:31  SCV  
  35  3:33  Marine x2  
  38  3:37  Orbital Command, Medivac  
  40  3:44  Cyclone  
  43  3:51  Marine x2  
  43  3:52  SCV  
  46  3:57  Supply Depot  
  46  4:07  Viking, SCV  
  49  4:11  Marine  
  49  4:13  Marine  
  49  4:15  SCV  
  52  4:20  SCV  
  53  4:25  Siege Tank  
  53  4:28  SCV  
  57  4:33  Marine x2  
  57  4:38  SCV  
  60  4:39  Starport Tech Lab  
  60  4:40  SCV  
  61  4:50  SCV  
  60  4:56  Marine x2  
  62  5:00  Command Center  
  62  5:07  SCV x2, Raven  
  62  5:12  Siege Tank  
  69  5:16  Marine  
  69  5:19  Supply Depot  
  70  5:21  SCV x2, Marine  
  73  5:34  SCV x2  
  70  5:46  SCV  
  70  5:49  Siege Tank  
  71  5:53  SCV  
  71  5:55  Barracks  
  71  5:56  Barracks  
  71  5:57  Refinery  
  72  5:58  Viking x2, SCV  
  77  6:04  Stimpack  
  77  6:05  SCV  
  78  6:11  Orbital Command  
  78  6:13  SCV  
  78  6:18  Marine  
  79  6:21  Siege Tank, SCV  
  79  6:25  SCV  
  85  6:28  Viking  
  85  6:30  Viking  
  89  6:32  Orbital Command  
  89  6:33  SCV  
  89  6:37  SCV  
  91  6:45  SCV  
  77  6:55  SCV  
  77  6:56  Siege Tank  
  77  6:58  Viking  
  77  6:59  Barracks Reactor x2  
  77  7:02  SCV  
  77  7:04  Engineering Bay x2, Barracks x2  
  77  7:08  SCV  
  79  7:10  Viking, SCV  
  79  7:14  SCV, Marine  
  85  7:22  SCV  
  85  7:23  SCV  
  85  7:25  Supply Depot  
  85  7:26  Supply Depot  
  85  7:29  SCV  
  87  7:31  Terran Infantry Weapons Level 1, Terran Infantry Armor Level 1  
  87  7:32  Marine  
  87  7:35  SCV  
  87  7:36  SCV  
  90  7:37  Sensor Tower  
  90  7:40  Marine x2  
  90  7:42  SCV  
  90  7:43  Combat Shield  
  93  7:47  SCV, Marine x2  
  93  7:48  SCV  
  93  7:49  Marine  
  93  7:50  Siege Tank  
  103  7:54  Barracks Reactor x2  
  99  7:59  SCV  
  99  8:00  Marine x2  
  99  8:04  Marine, Medivac x2  
  105  8:06  Marine  
  105  8:07  Marine  
  105  8:08  SCV x2  
  105  8:09  Refinery  
  105  8:10  Refinery  
  109  8:16  SCV  
  109  8:18  Marine x2  
  112  8:20  SCV x2  
  112  8:22  Marine  
  112  8:24  Marine  
  112  8:25  Marine  
  117  8:32  Marine  
  117  8:37  Supply Depot  
  117  8:38  Supply Depot, SCV, Liberator, Marine x4  
  125  8:51  Supply Depot  
  125  8:52  Viking, Armory, SCV, Marine x5  
  133  8:59  Siege Tank, Marine x4  
  140  9:04  SCV x2  
  142  9:10  Marine x5  
  142  9:16  Marine x4  
  140  9:21  Medivac  
  142  9:27  Marine  
  142  9:28  Marine x3  
  147  9:32  Medivac  
  147  9:34  Marine x4  
  147  9:36  Command Center  
  152  9:39  Factory  
  152  9:43  Supply Depot  
  152  9:44  SCV  
  152  9:45  SCV  
  157  9:47  Supply Depot, Barracks Reactor  
Tags
 
Add a new tag
Caveats
  • Supply blocks, unpowered buildings, or Contaminate may cause inaccurate times.
  • Supply counts are checked every 10 seconds.